 Dungeon Crawl Stone Soup version 0.29.1-12-g30fa7ad0bf (webtiles) character file.

Game seed: 13652989742091168991

161 MisterFreud the Trooper (level 5, 0/44 HPs)
             Began as a Formicid Wanderer on Dec 17, 2022.
             Slain by a wyvern (10 damage)
             ... on level 4 of the Dungeon.
             The game lasted 00:05:32 (3566 turns).

MisterFreud the Trooper (Formicid Wanderer)         Turns: 3566, Time: 00:05:33

Health: 0/44       AC:  4    Str: 13    XL:     5   Next: 70%
Magic:  4/8        EV: 11    Int: 16    God:
Gold:   191        SH:  0    Dex: 14    Spells: 3/8 levels left

rFire   . . .      SeeInvis +   j - +2 whip (freeze)
rCold   . . .      Faith    .   (no shield)
rNeg    . . .      Spirit   .   c - +0 robe
rPois   .          Reflect  .   (helmet unavailable)
rElec   .          Harm     .   d - +1 cloak
rCorr   .          Rampage  .   (no gloves)
Will    .....                   (no boots)
Stlth   ++........              (no amulet)
HPRegen 0.14/turn               (no ring)
MPRegen 0.11/turn               (no ring)

@: attractive
A: permanent stasis, dig shafts and tunnels, antennae 3, four strong arms
a: Dig, Shaft Self


You were on level 4 of the Dungeon.
You visited 1 branch of the dungeon, and saw 4 of its levels.

You collected 191 gold pieces.

Inventory:

Hand Weapons
 a - a +0 club
 j - a +2 whip of freezing (weapon)
Armour
 c - a +0 robe (worn)
 d - a +1 cloak (worn)
 k - the +0 plate armour "Iga Qear" {Contam rN+ Stlth+}
   (You found it on level 4 of the Dungeon)

   rN:        It protects you from negative energy.
   Contam:    It causes magical contamination when unequipped.
   Stlth:     It makes you more stealthy.
Jewellery
 m - a ring of poison resistance
Scrolls
 e - 3 scrolls of enchant armour
 i - a scroll of magic mapping
 n - a scroll of summoning
Potions
 b - 2 potions of curing
 f - 2 potions of attraction
 g - 2 potions of heal wounds {unknown}
 h - a potion of degeneration {unknown}
 l - a potion of lignification {unknown}


   Skills:
 - Level 5.0 Fighting
 + Level 2.1 Maces & Flails
 - Level 1.2 Stealth
 - Level 2.1 Spellcasting
 - Level 1.7 Conjurations
 - Level 4.0 Ice Magic


You had 3 spell levels left.
You knew the following spells:

 Your Spells              Type           Power      Damage    Failure   Level
a - Freeze                Ice            56%        1d7       4%          1
b - Ensorcelled Hibernat  Hex/Ice        16%        N/A       14%         2
c - Searing Ray           Conj           14%        2d5       16%         2

Your spell library contained the following spells:

 Spells                   Type           Power      Damage    Failure   Level
 Static Discharge         Conj/Air       4%         3-4/arc   22%         2
 Hailstorm                Conj/Ice       10%        3d5       52%         4


Dungeon Overview and Level Annotations

Branches:
Dungeon (4/15)
 Temple: D:4-7

Altars:
Sif Muna

Annotations:
D:4 1 transporter, eddybrass's ghost, amateur DESu


Innate Abilities, Weirdness & Mutations

You cannot be hasted, slowed, berserked, paralysed or teleported.
You can dig through walls and to a lower floor.
You have a pair of large antennae on your head. (SInv)
Your four strong arms can wield two-handed weapons with a shield.


Message History

The orc is moderately wounded.
The orc barely misses you.
There are monsters nearby!
You hit the orc. You freeze the orc.
You kill the orc!
You whack the wyvern! You freeze the wyvern.
The wyvern is moderately wounded.
The wyvern bites you!
Unknown command.
Unknown command.
Casting: Freeze (safe; 4% risk of failure)
Confirm with . or Enter, or press ? or * to list all spells.
Aiming: Searing Ray (safe; 16% risk of failure)
Press: ? - help, Shift-Dir - straight line, f - wyvern
Aim: a wyvern (moderately wounded, 74% to hit)
The searing ray hits the wyvern.
The wyvern is heavily wounded. (Press . to maintain the ray.)
The wyvern bites you. The wyvern barely misses you.
Unknown command.
The searing ray hits the wyvern.
The wyvern is heavily wounded.
The wyvern bites you.
The searing ray hits the wyvern.
The wyvern is severely wounded.
The wyvern bites you!
* * * LOW HITPOINT WARNING * * *
The wyvern bites you!
* * * LOW HITPOINT WARNING * * *
Unknown command.
Unknown command.
Unknown command.
Unknown command.
It was a potion of attraction.
You feel attractive to monsters. The wyvern misses you.
You feel better. The wyvern bites you.
* * * LOW HITPOINT WARNING * * *
The wyvern bites you!
You die...

.#....#.....)#####
#....###...#.....###...
..................##..#
....#......#........##
## #..#.#..#<##.......##
...#....#.##............
........................
.......l................
......)@........#.......
.............##.#.......
#####...##...#####......
#.....####..## #......
#.....# #....# ##.....
##=.... ###..####..##.
##...# #.........#.
##### ###.........
##...###..


You could see a wyvern.

Vanquished Creatures
  5 adders
  4 gnolls (D:3)
  A worm (D:4)
  5 orcs
  6 bats
  An endoplasm (D:4)
  8 giant cockroaches
  5 goblins
  4 hobgoblins
  4 jackals (D:1)
  4 quokkas
  7 ball pythons
  4 frilled lizards
  5 kobolds
  7 rats
70 creatures vanquished.

Vanquished Creatures (others)
  5 plants (D:3)
5 creatures vanquished.

Grand Total: 75 creatures vanquished

Notes
Turn   | Place    | Note
-------+----------+-------------------------------------------
     0 | D:1      | MisterFreud the Formicid Wanderer began the quest for the
                  | Orb.
     0 | D:1      | MisterFreud set off with the following items: a +0 club, a
                  | potion of curing, a +0 robe, a +0 cloak; and the following
                  | spell memorised: Freeze; and the following spells available
                  | to memorise: Ensorcelled Hibernation, Searing Ray, Static
                  | Discharge, Hailstorm.
     0 | D:1      | Reached XP level 1. HP: 15/15 MP: 3/3
   146 | D:1      | Found a faded altar of an unknown god.
   151 | D:1      | Reached skill level 2 in Fighting
   158 | D:1      | Reached XP level 2. HP: 19/22 MP: 1/5
   724 | D:1      | Reached skill level 3 in Fighting
   724 | D:1      | Reached XP level 3. HP: 20/29 MP: 6/6
   727 | D:1      | Learned a level 2 spell: Ensorcelled Hibernation
   730 | D:1      | Learned a level 2 spell: Searing Ray
  2009 | D:2      | Reached XP level 4. HP: 37/37 MP: 5/7
  2111 | D:2      | Reached skill level 4 in Fighting
  2331 | D:3      | Identified the +1 leather armour "Iberejaq" {Harm +Blink
                  | Will- Dex+3}
  2560 | D:3      | Found a shimmering blue altar of Sif Muna.
  2574 | D:3      | Reached XP level 5. HP: 40/43 MP: 4/8
  2770 | D:3      | Reached skill level 5 in Fighting
  2772 | D:3      | Reached skill level 1 in Maces & Flails
  3244 | D:4      | Found a transporter.
  3246 | D:4      | Noticed eddybrass's ghost (amateur DESu)
  3353 | D:4      | Identified the +0 plate armour "Iga Qear" {Contam rN+
                  | Stlth+}
  3558 | D:4      | Noticed a wyvern
  3566 | D:4      | Slain by a wyvern

Illustrated notes

Levels and vault maps discovered:
D:1:      ncdulo_watergridlock, layout_loops_cross,
          hellmonk_ecumenical_altar_heavens_door
D:2:      layout_loops_cross, grunt_ministairs_6
D:3:      layout_loops_cross, general_overflow_altar, nicolae_grassy_gnolls
D:4:      layout_cave_pools, kennysheep_mini, gammafunk_ghost_mausoleum

Skill      XL: |  1  2  3  4  5 |
---------------+----------------+-----
Fighting       | 2 3 4 5 |  5.0
Maces & Flails | 2 |  2.1
Stealth        | |  1.2
Spellcasting   | |  2.1
Conjurations   | |  1.7
Ice Magic      | |  4.0

Action                   |  1- 3 |  4- 6 || total
-------------------------+-------+-------++-------
Melee: Club              |   102 |    25 ||   127
       Punch             |     1 |     1 ||     2
       Whip              |       |    31 ||    31
 Cast: Freeze            |    25 |    25 ||    50
       Searing Ray       |       |     5 ||     5
       Ensorcelled Hiber |       |     1 ||     1
  Use: Scroll            |     6 |     2 ||     8
       Potion            |       |     2 ||     2
 Stab: Sleeping          |     2 |     6 ||     8
Armor: Robe              |    80 |    17 ||    97
Dodge: Dodged            |   115 |    44 ||   159
